 Dungeon Crawl Stone Soup version 0.29-a0-121-g8efb068a30 (webtiles) character file.

Game seed: 13996830291430971821

4157 pokeman the Thaumaturge (level 10, 0/53 HPs)
             Began as a Deep Elf Hedge Wizard on Feb 20, 2022.
             Was an Initiate of Vehumet.
             Killed by divine providence
             ... invoked by an orc priest
              (13 damage)
             ... on level 8 of the Dungeon.
             The game lasted 00:18:31 (10365 turns).

pokeman the Thaumaturge (Deep Elf Hedge Wizard)    Turns: 10365, Time: 00:18:32

Health: 0/53       AC: 16    Str:  7    XL:     10   Next: 7%
Magic:  29/37      EV: 16    Int: 24    God:    Vehumet [......]
Gold:   380        SH:  0    Dex: 14    Spells: 23/34 levels left

rFire   . . .      SeeInvis .   H - staff of conjuration
rCold   . . .      Faith    .   (no shield)
rNeg    . . .      Spirit   .   E - +3 leather armour
rPois   .          Reflect  .   j - +2 hat
rElec   .          Harm     .   F - +1 cloak
rCorr   .          Rampage  .   k - +2 pair of gloves
Will    +....                   r - +2 pair of boots
Stlth   +.........              (no amulet)
HPRegen 0.17/turn               b - ring of magical power
MPRegen 0.25/turn               o - +4 ring of evasion

@: confused
A: no striking features
a: Renounce Religion


You were on level 8 of the Dungeon.
You worshipped Vehumet.
Vehumet was noncommittal.
You visited 2 branches of the dungeon, and saw 9 of its levels.

You collected 380 gold pieces.

Inventory:

Hand Weapons
 f - a +3 quarterstaff of chaos
 C - a +0 dagger of electrocution
Missiles
 t - 20 bolts
 u - 197 arrows
 w - a throwing net
Armour
 j - a +2 hat (worn)
 k - a +2 pair of gloves (worn)
 r - a +2 pair of boots (worn)
 v - a +0 buckler
 E - a +3 leather armour (worn)
 F - a +1 cloak (worn)
 M - +0 acid dragon scales
Magical Staves
 H - a staff of conjuration (weapon)
Jewellery
 b - a ring of magical power (left hand)
 o - a +4 ring of evasion (right hand)
 B - a +6 ring of strength
 G - a ring of fire
Wands
 x - a wand of flame (51)
 y - a wand of mindburst (5)
 N - a wand of acid (13)
Scrolls
 a - a scroll of enchant armour {unknown}
 d - 4 scrolls of vulnerability {unknown}
 e - 7 scrolls of teleportation {unknown}
 g - 10 scrolls of identify {unknown}
 h - a scroll of magic mapping {unknown}
 m - 2 scrolls of enchant weapon {unknown}
 n - a scroll of acquirement {unknown}
 p - a scroll of noise {unknown}
 q - 2 scrolls of amnesia {unknown}
 A - 2 scrolls of immolation {unknown}
 D - a scroll of holy word {unknown}
 O - a scroll of fear {unknown}
Potions
 c - 2 potions of might {unknown}
 i - 6 potions of mutation {unknown}
 l - 6 potions of curing
 s - 2 potions of attraction {unknown}
 z - 2 potions of degeneration {unknown}
 I - 3 potions of resistance {unknown}
 J - a potion of cancellation {unknown}
 K - 2 potions of haste {unknown}
 L - a potion of flight {unknown}


   Skills:
 - Level 2.0 Fighting
 - Level 2.2 Armour
 - Level 3.0 Dodging
 - Level 3.1 Stealth
 + Level 3.8 Shields
 * Level 12.7 Spellcasting
 + Level 7.2 Conjurations
 - Level 1.1 Summonings
 - Level 1.1 Translocations
 + Level 6.2 Fire Magic
 - Level 1.2 Air Magic
 - Level 1.0 Poison Magic
 - Level 1.0 Evocations


You had 23 spell levels left.
You knew the following spells:

 Your Spells              Type           Power      Damage    Failure   Level
a - Magic Dart            Conj           100%       1d8       1%          1
b - Mephitic Cloud        Conj/Pois/Air  45%        N/A       4%          3
c - Call Imp              Summ           20%        N/A       5%          2
d - Blink                 Tloc           40%        N/A       5%          2
e - Conjure Flame         Conj/Fire      63%        6-21      1%          3

Your spell library contained the following spells:

 Spells                   Type           Power      Damage    Failure   Level
 Dazzling Flash           Conj/Hex       96%        N/A       4%          3
 Slow                     Hex            60%        N/A       6%          1
 Iskenderun's Mystic Bla  Conj/Tloc      52%        2d11      11%         4
 Starburst                Conj/Fire      31%        6d10      50%         6


Dungeon Overview and Level Annotations

Branches:
Dungeon (8/15)             Temple (1/1) D:5
   Lair: D:8-11

Altars:
Ashenzari
Cheibriados
Dithmenos
Elyvilon
Fedhas
Gozag
Hepliaklqana
Kikubaaqudgha
Makhleb
Nemelex Xobeh
Okawaru
Qazlal
Ru
Sif Muna
Trog
Uskayaw
Vehumet
Wu Jian
Xom
Yredelemnul
Zin
The Shining One

Shops:
D:6 =


Message History

Unknown command.
The orc priest calls down the wrath of Beogh upon you.
Beogh smites you!
* * * LOW HITPOINT WARNING * * *
You bump into the rock wall.
Something hits you but does no damage.
You feel better. Something hits you but does no damage.
Casting: Mephitic Cloud (dangerous; 4% risk of failure)
Confirm with . or Enter, or press ? or * to list all spells.
Aiming: Mephitic Cloud (dangerous; 4% risk of failure)
Press: ? - help, Shift-Dir - straight line, f - orc priest
Aim: an orc priest, wielding a +0 flail (lightly wounded, chance to affect: 86%)
You feel a surge of power!
The ball explodes into a vile cloud!
The stinking cloud engulfs something but does no damage.
The stinking cloud engulfs you but does no damage.
The stinking cloud engulfs the orc priest but does no damage.
The orc priest is lightly wounded.
You are engulfed in noxious fumes.
You choke on the stench!
You are confused.
The orc priest casts a cantrip, but nothing happens.
Something barely misses you.
Unknown command.
You bump into the rock wall.
You are engulfed in noxious fumes.
Something hits you but does no damage.
You bump into the rock wall.
You are engulfed in noxious fumes.
You choke on the stench!
You are more confused.
The orc priest invokes the aid of Beogh against you.
Unknown command.
You bump into the rock wall.
You are engulfed in noxious fumes.
You choke on the stench!
You are more confused.
The orc priest miscasts a cantrip.
Something hits you but does no damage.
Unknown command.
You're too confused to move!
You are engulfed in noxious fumes.
You choke on the stench!
You are more confused.
The orc priest invokes the aid of Beogh against you.
Beogh smites you!
You die...

.....##...# ...>......#
.....#....#
.....#.##.###
.......##...## ##
.............### .#
.....#.........# .###
...........#...####).$#
.....#.....##...@.)o..#
.....#.....###.######.#
.....#..)..# #.....#
.....####### #####...#
.....# )# #....###
##.....### ######...# #
#...#


You could see an orc priest.

Vanquished Creatures
  Maggie (D:6)
  Grinder (D:6)
  Prince Ribbit (D:5)
  Sigmund (D:3)
  6 yaks (D:5)
  Menkaure (D:6)
  3 ice beasts
  An orc warrior (D:6)
  A black bear (D:3)
  A necrophage (D:6)
  3 ogres
  2 phantoms
  2 bullfrogs (D:7)
  Blork the orc (D:6)
  A scorpion (D:5)
  A water moccasin zombie (D:5)
  4 wights (D:7)
  2 howler monkeys (D:8)
  A bullfrog zombie (D:5)
  A hound (D:6)
  4 orc priests
  Crazy Yiuf (D:4)
  5 jellies
  A gnoll shaman (D:7)
  Jessica (D:3)
  2 iguanas
  2 orc wizards
  A hound skeleton (D:5)
  3 howler monkey zombies
  Robin (D:3)
  8 adders
  14 gnolls
  A shadow imp (D:4)
  A white imp (D:5)
  An ufetubus (D:5)
  An adder zombie (D:5)
  2 worms
  17 orcs
  6 endoplasms
  7 giant cockroaches
  10 goblins
  7 hobgoblins
  3 jackals (D:2)
  A quokka (D:2)
  8 ball pythons
  6 bats
  3 frilled lizards
  6 kobolds
  3 rats (D:2)
161 creatures vanquished.

Vanquished Creatures (collateral kills)
  2 gnolls (D:3)
  An orc (D:5)
  A hobgoblin (D:3)
4 creatures vanquished.

Grand Total: 165 creatures vanquished

Notes
Turn   | Place    | Note
-------+----------+-------------------------------------------
     0 | D:1      | pokeman the Deep Elf Hedge Wizard began the quest for the
                  | Orb.
     0 | D:1      | Reached XP level 1. HP: 10/10 MP: 7/7
    68 | D:1      | Found a faded altar of an unknown god.
    95 | D:1      | Found a faded altar of an unknown god.
   761 | D:1      | Reached XP level 2. HP: 15/15 MP: 9/9
  1262 | D:2      | Reached skill level 5 in Spellcasting
  1454 | D:2      | Reached XP level 3. HP: 16/20 MP: 11/11
  1458 | D:2      | Learned a level 3 spell: Mephitic Cloud
  1461 | D:2      | Learned a level 2 spell: Call Imp
  1464 | D:2      | Learned a level 2 spell: Blink
  1468 | D:2      | Learned a level 3 spell: Conjure Flame
  2049 | D:2      | Reached skill level 1 in Fighting
  2049 | D:2      | Reached skill level 1 in Armour
  2271 | D:3      | Noticed Robin
  2290 | D:3      | Killed Robin
  2291 | D:3      | Reached XP level 4. HP: 23/25 MP: 7/13
  2556 | D:3      | Noticed Jessica
  2565 | D:3      | Killed Jessica
  2566 | D:3      | Reached skill level 6 in Spellcasting
  2566 | D:3      | Reached XP level 5. HP: 21/29 MP: 1/15
  2801 | D:3      | Noticed a black bear
  2811 | D:3      | Killed a black bear
  2812 | D:3      | Reached skill level 1 in Shields
  2812 | D:3      | Reached skill level 1 in Fire Magic
  2963 | D:3      | Noticed Sigmund
  2971 | D:3      | Killed Sigmund
  2972 | D:3      | Reached skill level 7 in Spellcasting
  2972 | D:3      | Reached skill level 1 in Air Magic
  2972 | D:3      | Reached XP level 6. HP: 34/34 MP: 17/18
  3986 | D:4      | Reached skill level 1 in Poison Magic
  3986 | D:4      | Reached skill level 1 in Evocations
  4252 | D:4      | Reached XP level 7. HP: 25/38 MP: 19/20
  4682 | D:4      | Reached skill level 8 in Spellcasting
  4903 | D:4      | You fall into a shaft and drop 3 floors!
  5289 | D:7      | Reached XP level 8. HP: 39/44 MP: 13/22
  5396 | D:7      | Reached skill level 9 in Spellcasting
  5563 | D:7      | Reached skill level 5 in Conjurations
  5723 | D:6      | Noticed Prince Ribbit
  5728 | D:5      | Entered Level 5 of the Dungeon
  5748 | D:5      | Killed Prince Ribbit
  5755 | D:5      | Reached skill level 10 in Spellcasting
  6119 | D:4      | Found a runed translucent door.
  6120 | D:4      | Noticed Crazy Yiuf
  6393 | D:4      | Killed Crazy Yiuf
  6835 | D:5      | Reached XP level 9. HP: 40/48 MP: 20/25
  6839 | D:5      | Reached skill level 11 in Spellcasting
  6839 | D:5      | Reached skill level 5 in Fire Magic
  7039 | D:5      | Found a staircase to the Ecumenical Temple.
  7047 | Temple   | Entered the Ecumenical Temple
  7226 | Temple   | Became a worshipper of Vehumet
  7805 | D:6      | Found a shimmering altar of Xom.
  7805 | D:6      | Noticed Blork the orc
  7815 | D:6      | Killed Blork the orc
  7828 | D:6      | Noticed Menkaure
  8345 | D:6      | Killed Menkaure
  8346 | D:6      | Reached skill level 12 in Spellcasting
  8657 | D:6      | Found Viaxt's One-of-a-Kind Rings.
  8659 | D:6      | Noticed Grinder
  8689 | D:6      | Killed Grinder
  8864 | D:6      | Noticed Maggie
  9109 | D:6      | Killed Maggie
  9516 | D:7      | Reached XP level 10. HP: 25/53 MP: 17/28
 10365 | D:8      | Killed from afar by an orc priest

Illustrated notes

Levels and vault maps discovered:
D:1:      dpeg_arrival_fog, layout_basic, serial_corexii_hall,
          corexii_hall_statues_x, corexii_hall_statues_x,
          hellmonk_ecumenical_altar_the_god_not_taken,
          chequers_serial_rivers_large_b, hangedman_abyss_or_decor_stabs,
          minmay_misc_feat_tower, minivault_27
D:2:      layout_basic
D:3:      layout_loops_ring, bh_walls_and_bars, uniq_robin, uniq_sigmund,
          uniq_jessica
D:4:      layout_loops_cross, uniq_crazy_yiuf_cottage
D:5:      layout_basic, minmay_temple_entry_gardened_gates
D:6:      layout_rooms, mainiacjoe_overflow_paths, nicolae_shop_unique_rings,
          grunt_decor_cap, minmay_microvault, uniq_prince_ribbit1, uniq_grinder,
          uniq_menkaure, uniq_maggie, uniq_blork_the_orc
D:7:      layout_loops_cross
D:8:      layout_rooms
Temple:   mainiacjoe_temple_hex_bubbles

Skill      XL: |  1  2  3  4  5  6  7  8  9 |
---------------+----------------------------+-----
Spellcasting   | 5 6 7 8 10 12 | 12.7
Fighting       | 1 2 |  2.0
Armour         | 1 2 |  2.2
Conjurations   | 2 3 4 5 7 |  7.2
Dodging        | 3 |  3.0
Shields        | 1 2 3 |  3.8
Fire Magic     | 1 2 4 6 |  6.2
Stealth        | 3 |  3.1
Air Magic      | 1 |  1.2
Poison Magic   | 1 |  1.0
Evocations     | 1 |  1.0
Summonings     | |  1.1
Translocations | |  1.1

Action                   |  1- 3 |  4- 6 |  7- 9 | 10-12 || total
-------------------------+-------+-------+-------+-------++-------
Melee: Dagger            |       |    11 |    22 |       ||    33
       Whip              |       |     1 |     3 |       ||     4
       Staff             |       |       |    14 |     2 ||    16
 Cast: Magic Dart        |   112 |    83 |   304 |    50 ||   549
       Mephitic Cloud    |     1 |     9 |    16 |     3 ||    29
       Conjure Flame     |     1 |     7 |    28 |     2 ||    38
       Call Imp          |       |     1 |     6 |       ||     7
       Blink             |       |       |     2 |       ||     2
  Use: Potion            |       |       |       |     1 ||     1
 Stab: Confused          |       |     1 |     4 |       ||     5
Armor: Leather armour    |     5 |     5 |    24 |    16 ||    50
Dodge: Dodged            |    11 |    21 |    66 |    15 ||   113

Table legend: (Time is in decaauts)
 A = Elapsed time spent in this place.
 B = Non-inter-level travel time spent in this place.
 C = Inter-level travel time spent in this place.
 D = Time resting spent in this place.
 E = Time spent auto-exploring this place.
 F = Levels seen in this place.
 G = Mean time per level.
                   A        B        C        D        E       F      G
               +--------+--------+--------+--------+--------+-----+--------+
         Total |  10394 |  10131 |    263 |   1168 |   7411 |   9 | 1154.9 |
       Dungeon |  10089 |   9864 |    225 |   1168 |   7153 |   8 | 1261.1 |
        Temple |    304 |    266 |     38 |      0 |    258 |   1 |  304.0 |
               +--------+--------+--------+--------+--------+-----+--------+

Top non-repeatable levels by time:
     D:5: 1781 daAuts
     D:3: 1767 daAuts
     D:4: 1380 daAuts
     D:7: 1378 daAuts
     D:2: 1207 daAuts
     D:6: 1116 daAuts
     D:1: 1014 daAuts
     D:8: 442 daAuts
  Temple: 304 daAuts
